 Dungeon Crawl Stone Soup version 0.29.1 (webtiles) character file.

Game seed: 13381513870124514565

100 Icepheonix32 the Trooper (level 4, -5/41 HPs)
             Began as a Minotaur Fighter on Sept 14, 2022.
             Killed by divine providence
             ... invoked by an orc priest
              (13 damage)
             ... on level 3 of the Dungeon.
             The game lasted 00:01:48 (2029 turns).

Icepheonix32 the Trooper (Minotaur Fighter)         Turns: 2029, Time: 00:01:48

Health: -5/41      AC:  7    Str: 22    XL:     4   Next: 46%
Magic:  3/3        EV:  9    Int:  5    God:
Gold:   99         SH:  4    Dex: 10    Spells: 3/3 levels left

rFire   . . .      SeeInvis .   a - +0 war axe
rCold   . . .      Faith    .   c - +0 buckler
rNeg    . . .      Spirit   .   b - +0 scale mail
rPois   .          Reflect  .   (helmet restricted)
rElec   .          Harm     .   (no cloak)
rCorr   .          Rampage  .   (no gloves)
Will    .....                   (no boots)
Stlth   ..........              (no amulet)
HPRegen 0.13/turn               (no ring)
MPRegen 0.08/turn               (no ring)

@: no status effects
A: horns 2, retaliatory headbutt
a: no special abilities


You were on level 3 of the Dungeon.
You visited 1 branch of the dungeon, and saw 3 of its levels.

You collected 99 gold pieces.

Inventory:

Hand Weapons
 a - a +0 war axe (weapon)
 h - a +1 whip of flaming
Armour
 b - a +0 scale mail (worn)
 c - a +0 buckler (worn)
Wands
 n - a wand of polymorph (8)
Scrolls
 e - a scroll of fear {unknown}
 i - 3 scrolls of teleportation {unknown}
 k - a scroll of blinking {unknown}
 l - 2 scrolls of identify {unknown}
 m - a scroll of silence {unknown}
Potions
 d - a potion of might
 f - a potion of lignification {unknown}
 g - 4 potions of cancellation {unknown}
 j - a potion of magic {unknown}


   Skills:
 * Level 4.9 Fighting
 + Level 3.4 Axes
 + Level 4.1 Armour
 + Level 0.3 Dodging
 + Level 0.6 Stealth
 + Level 4.1 Shields


You had 3 spell levels left.
You didn't know any spells.
Your spell library was empty.

Dungeon Overview and Level Annotations

Branches:
Dungeon (3/15)

Altars:
Vehumet

Shops:
D:2 =


Innate Abilities, Weirdness & Mutations

You have a pair of horns on your head.
You reflexively headbutt those who attack you in melee.


Message History

The endoplasm is heavily wounded.
The endoplasm hits you but does no damage.
You slash the endoplasm!
You kill the endoplasm!
The giant cockroach bites you.
You slash the giant cockroach!
You kill the giant cockroach!
The adder closely misses you.
An orc priest comes into view. It is wielding a +0 flail.
You barely miss the adder.
The orc priest shouts!
You hear a shout!
The adder bites you but does no damage.
The orc priest calls down the wrath of Beogh upon you.
Beogh smites you!
An orc comes into view. It is wielding a +0 dagger.
The adder bites you but does no damage.
You hit the orc but do no damage. You headbutt the orc.
You kill the orc!
You miss the adder. The adder closely misses you.
The orc priest mumbles some strange prayers to Beogh against you.
Beogh smites you! The adder bites you but does no damage.
Unknown command.
You are too injured to fight recklessly!
Unknown command.
You are too injured to fight recklessly!
Unknown command.
You are too injured to fight recklessly!
Unknown command.
You barely miss the adder. The adder closely misses you.
The orc priest calls down the wrath of Beogh upon you.
Beogh smites you!
* * * LOW HITPOINT WARNING * * *
You slash the adder!
The adder is almost dead.
The adder bites you but does no damage. x2
You miss the adder. You headbutt the adder.
You kill the adder!
The orc priest calls down the wrath of Beogh upon you.
Beogh smites you!
You die...

#.# # #.# .##.
###.## #.##.##
#....###......#
#.##.....# #..# #
#.##.....# #..# ..#
#.####.###
#..######...# #)#
##..# #............
#.#
#...####..o†@.......
#.#
#.........##)#......
#<# ##..###...##o#
....# #.# #..#
#...##.# ...# #.#
#))...)..##.# .##
#.# #..###.#.##.# ..
#.# #..# ....##.# #
#.. ......#..##.#
### #...#. ..#


You could see an orc priest and an orc.

Vanquished Creatures
  Robin (D:2)
  2 adders
  A gnoll (D:1)
  2 worms (D:2)
  An orc (D:3)
  2 bats
  5 endoplasms
  6 giant cockroaches
  12 goblins
  9 hobgoblins
  4 kobolds
  A quokka (D:3)
  3 ball pythons (D:1)
  2 frilled lizards (D:1)
  5 rats
56 creatures vanquished.

Vanquished Creatures (others)
  11 plants (D:1)
11 creatures vanquished.

Grand Total: 67 creatures vanquished

Notes
Turn   | Place    | Note
-------+----------+-------------------------------------------
     0 | D:1      | Icepheonix32 the Minotaur Fighter began the quest for the
                  | Orb.
     0 | D:1      | Reached XP level 1. HP: 19/19 MP: 0/0
   168 | D:1      | Reached XP level 2. HP: 27/27 MP: 1/1
   614 | D:1      | Found a faded altar of an unknown god.
   650 | D:1      | Reached XP level 3. HP: 33/33 MP: 2/2
   801 | D:1      | Found a radiant altar of Vehumet.
  1339 | D:2      | Found Viobri's Jewellery Boutique.
  1596 | D:2      | Noticed Robin
  1603 | D:2      | Reached XP level 4. HP: 33/41 MP: 3/3
  1609 | D:2      | Killed Robin
  2029 | D:3      | Killed from afar by an orc priest

Illustrated notes

Levels and vault maps discovered:
D:1:      roderic_crop_circles_arrival_small, layout_loops_ring,
          dreamdust_ecumenical_altar_angels_and_demons, minmay_hexomino_r4
D:2:      layout_basic, serial_shops, nicolae_lakefront_shop, uniq_robin
D:3:      layout_loops_ring, cheibrodos_ashenzari_chains

Skill      XL: |  1  2  3 |
---------------+----------+-----
Fighting       | 4 |  4.9
Shields        | 4 |  4.1
Axes           | 3 |  3.4
Armour         | 4 |  4.1
Dodging        | |  0.3
Stealth        | |  0.6

Action                   |  1- 3 |  4- 6 || total
-------------------------+-------+-------++-------
Melee: War axe           |    81 |    22 ||   103
       Headbutt          |    12 |     3 ||    15
       Unarmed           |       |     7 ||     7
Armor: Scale mail        |    43 |    12 ||    55
Dodge: Dodged            |    32 |    17 ||    49
Block: Buckler           |    13 |     5 ||    18
